 Dungeon Crawl Stone Soup version 0.29-a0-668-g12ee2bf84d (webtiles) character file.

Game seed: 2922677037006695148

42868 Newt the Basher (level 13, -1/103 HPs)
             Began as a Demonspawn Abyssal Knight on June 23, 2022.
             Was a High Priest of Lugonu.
             Killed from afar by a deep elf knight (16 damage)
             ... with a shard of ice
             ... on level 1 of the Elven Halls.
             The game lasted 00:54:44 (14959 turns).

Newt the Basher (Demonspawn Abyssal Knight)        Turns: 14959, Time: 00:54:44

Health: -1/103     AC: 26    Str: 18    XL:     13   Next: 87%
Magic:  0/20       EV: 10    Int: 10    God:    Lugonu [*****.]
Gold:   151        SH:  0    Dex: 17    Spells: 12/12 levels left

rFire   . . .      SeeInvis .   H - +3 dire flail (vamp)
rCold   + . .      Faith    .   (shield currently unavailable)
rNeg    . . .      Spirit   +   T - +0 plate armour "Nawih" {Regen+ Int-2 Dex+3 Stlth+}
rPois   +          Reflect  .   (helmet restricted)
rElec   .          Harm     .   l - +0 cloak
rCorr   .          Rampage  .   k - +0 pair of gloves
Will    .....                   Z - +0 pair of boots
Stlth   ..........              y - amulet of guardian spirit
HPRegen 1.07/turn               Y - +4 ring of evasion
MPRegen 0.34/turn               b - ring of Starshine {rPois rC+ AC+4 Stlth+}

@: invisible
A: horns 1, molten scales 2, demonic guardian 2, magic regeneration
a: Renounce Religion, Depart the Abyss, Bend Space, Banish, Corrupt, Enter the
Abyss


You were on level 1 of the Elven Halls.
You worshipped Lugonu.
Lugonu was extremely pleased with you.
You visited 3 branches of the dungeon, and saw 14 of its levels.
You visited the Abyss 1 time.
You also visited: Ice Cave.

You collected 1129 gold pieces.
You spent 978 gold pieces at shops.

Inventory:

Hand Weapons
 f - a +0 rapier
 x - a +2 vorpal flail
 z - a +4 flail of holy wrath
 C - a +2 hand axe of freezing
 H - a +3 vampiric dire flail (weapon)
 O - a +2 flail of protection
Missiles
 p - 3 throwing nets
 J - 2 atropa-tipped darts (quivered)
 L - 2 curare-tipped darts
Armour
 a - a +2 crystal plate armour of cold resistance
 k - a +0 pair of gloves (worn)
 l - a +0 cloak (worn)
 B - a scarf of shadows
 G - a +3 scale mail of willpower
 T - the +0 plate armour "Nawih" (worn) {Regen+ Int-2 Dex+3 Stlth+}
   (You found it in an ice cave)

   Int:       It affects your intelligence (-2).
   Dex:       It affects your dexterity (+3).
   Regen:     It increases your rate of health regeneration.
   Stlth:     It makes you more stealthy.
 U - a +2 kite shield of cold resistance
 Z - a +0 pair of boots (worn)
Jewellery
 b - the ring of Starshine (right hand) {rPois rC+ AC+4 Stlth+}
   (You bought it in a shop on level 2 of the Orcish Mines)

   [ring of protection]

   AC:        It affects your AC (+4).
   rC:        It protects you from cold.
   rPois:     It protects you from poison.
   Stlth:     It makes you more stealthy.
 q - a ring of fire
 s - a ring of magical power
 y - an amulet of guardian spirit (around neck)
 E - a ring of protection from cold
 Y - a +4 ring of evasion (left hand)
Wands
 w - a wand of charming (5)
 A - a wand of polymorph (11)
 N - a wand of acid (7)
 Q - a wand of flame (4)
 S - a wand of iceblast (2)
Scrolls
 h - 5 scrolls of teleportation
 i - 6 scrolls of magic mapping
 j - 4 scrolls of blinking
 o - 3 scrolls of noise
 r - a scroll of fear
 D - a scroll of poison {unknown}
 M - a scroll of amnesia {unknown}
 P - a scroll of fog
 R - 2 scrolls of summoning {unknown}
Potions
 c - 5 potions of mutation
 e - 2 potions of might
 g - 3 potions of invisibility
 m - 4 potions of degeneration
 n - 3 potions of attraction
 t - a potion of brilliance {unknown}
 u - 3 potions of flight
 v - a potion of magic {unknown}
 I - 2 potions of lignification
 V - a potion of berserk rage {unknown}


   Skills:
 + Level 9.9 Fighting
 * Level 14.3 Maces & Flails
 - Level 7.0 Throwing
 + Level 10.5 Armour
 - Level 1.1 Dodging
 * Level 5.8 Shields
 - Level 9.5 Invocations
 + Level 0.4 Evocations


You had 12 spell levels left.
You didn't know any spells.
Your spell library contained the following spells:

 Spells                   Type           Power      Damage    Failure   Level
 Apportation              Tloc           0%         N/A       100%        1
 Dazzling Flash           Conj/Hex       0%         N/A       100%        3
 Teleport Other           Tloc           0%         N/A       100%        3
 Iskenderun's Mystic Bla  Conj/Tloc      0%         2d3       100%        4
 Agony                    Necr           0%         N/A       100%        5
 Alistair's Intoxication  Tmut/Pois      0%         N/A       100%        5
 Fireball                 Conj/Fire      0%         3d3       100%        5
 Silence                  Hex/Air        0%         N/A       100%        5
 Starburst                Conj/Fire      0%         6d3       100%        6
 Ignition                 Fire           0%         3d3       100%        8


Dungeon Overview and Level Annotations

Branches:
Dungeon (11/15)            Temple (0/1) D:4            Lair (0/6) D:10
    Orc (2/2) D:11            Elf (1/3) Orc:2         IceCv (visited)

Altars:
Elyvilon
Okawaru
Ru
Sif Muna
Xom
The Shining One
Beogh

Shops:
Orc:2 (*=!


Innate Abilities, Weirdness & Mutations

You have a pair of small horns on your head.
You are mostly covered in molten scales. (AC +3)
A demonic guardian rushes to your aid.
You regenerate magic rapidly.


Message History

A shard of ice appears from out of thin air!
The shard of ice hits you! You partially resist.
* * * LOW HITPOINT WARNING * * *
Something blocks your attack. Something hits you but does no damage.
You barely miss something. Your headbutt misses something.
You hear some strange, mumbled words.
A lance of force appears from out of thin air!
The lance of force hits you!
* * * LOW HITPOINT WARNING * * *
A demonic guardian appears!
You are knocked back by the lance of force.
You see here a +0 hand crossbow.
You hear some strange, mumbled words.
A shard of ice appears from out of thin air!
The shard of ice hits you! You partially resist.
* * * LOW HITPOINT WARNING * * *
You closely miss something. Your headbutt misses something.
Something hits you but does no damage. Something blocks your attack.
Your rust devil misses something.
Something hits you but does no damage.
You impale something!! Your headbutt misses something. You sock something!
You feel better.
You hear some strange, mumbled words.
A lance of force appears from out of thin air!
The lance of force hits you!!
* * * LOW HITPOINT WARNING * * *
You are knocked back by the lance of force.
Something blocks your rust devil's attack.
Okay, then.
You fade into invisibility!
Something hits you.
* * * LOW HITPOINT WARNING * * *
You barely miss something. Something hits you but does no damage.
You barely miss something. Something hits you.
* * * LOW HITPOINT WARNING * * *
You hit something.
You feel better.
Your headbutt misses something.
You hear some strange, mumbled words.
A shard of ice appears from out of thin air!
The shard of ice hits you!! You partially resist.
You die...

.#...###..........# ##
.##.## #.#......)# ###
.##......##.....## #..
.....#######...## #.#
...#.# ##'## #.# ... .#
#.# #.# ... .# #.# #.#
##.#######.###.##.#
##....@4.).........#
#.....#{##.###....##
######...###.#.....######
........## ##...###...#.#
#
#######..###.###......#.#
. #.....#..(......#.##.
#..#..#........#...#.
#..##.#........#...#.
#......#.......#.....


You could see a friendly rust devil (summoned).

Vanquished Creatures
  A deep elf death mage (Elf:1)
  2 ogre magi (Orc:2)
  7 two-headed ogres (Orc:2)
  2 dancing weapons (Elf:1)
  2 ironbound frosthearts (IceCv)
  4 death yaks (IceCv)
  An orc high priest (Elf:1)
  2 deep elf knights (Elf:1)
  A deep troll (Orc:2)
  A deep elf archer (Elf:1)
  An orc knight (Orc:1)
  10 deep elf pyromancers (Elf:1)
  5 deep elf zephyrmancers (Elf:1)
  2 cyclopes (Orc:2)
  An ugly thing (D:11)
  An orc sorcerer (Elf:1)
  Maurice (D:11)
  An ice statue (IceCv)
  A rime drake (IceCv)
  A komodo dragon (D:10)
  Psyche (D:10)
  9 polar bears (IceCv)
  6 trolls (Orc:2)
  Prince Ribbit (D:8)
  14 yaks
  A shadow (D:11)
  A wyvern (D:8)
  4 fire elementals (Elf:1)
  2 steam dragons
  4 wargs
  Duvessa (D:6)
  3 sky beasts
  13 orc warriors
  3 black bears
  13 wolves (IceCv)
  16 ogres
  5 centaurs
  A phantom (D:11)
  3 kobold brigands
  3 bullfrogs
  A scorpion (D:10)
  12 wights
  2 troll zombies (D:11)
  Dowan (D:6)
  2 howler monkeys (D:8)
  12 orc priests
  A gnoll shaman (D:8)
  A hound (D:4)
  2 iguanas (D:5)
  7 orc wizards
  6 ogre zombies (D:11)
  9 gnolls
  8 adders
  2 shadow imps (D:6)
  2 ufetubi
  2 dart slugs (D:1)
  40 orcs
  7 endoplasms
  3 giant cockroaches
  3 hobgoblins
  14 jackals
  19 kobolds
  2 quokkas
  6 ball pythons
  4 frilled lizards
  4 goblins
  4 goblin skeletons (D:11)
  A goblin zombie (D:11)
  3 hobgoblin skeletons (D:11)
  4 hobgoblin zombies (D:11)
  2 orc skeletons (D:11)
  11 orc zombies (D:11)
  6 rats
354 creatures vanquished.

Vanquished Creatures (collateral kills)
  A deep elf sorcerer (Elf:1)
  Harold (D:10)
  A two-headed ogre (Orc:2)
  A dancing weapon (Elf:1)
  A deep troll (Orc:2)
  2 deep elf pyromancers (Elf:1)
  A polar bear (IceCv)
  A troll (Orc:2)
  A vampire (D:11)
  2 yaks
  A steam dragon (D:8)
  An acid dragon (D:10)
  2 orc warriors (Orc:2)
  5 ogres (Orc:2)
  A wolf (IceCv)
  A phantom (D:11)
  An iguana (D:6)
  3 orc wizards
  A shadow imp (D:6)
  5 orcs
  A ball python (D:4)
  A jackal (D:5)
35 creatures vanquished.

Vanquished Creatures (others)
  2 deep elf knights (Elf:1)
  An orc wizard (Elf:1)
  8 fungi (D:10)
  4 plants
15 creatures vanquished.

Grand Total: 404 creatures vanquished

Notes
Turn   | Place    | Note
-------+----------+-------------------------------------------
     0 | Abyss:1  | Newt the Demonspawn Abyssal Knight began the quest for the
                  | Orb.
     0 | Abyss:1  | Reached XP level 1. HP: 18/18 MP: 2/2
    63 | Abyss:1  | Noticed a ynoxinul
    64 | D:1      | Escaped the Abyss
   318 | D:1      | Gained mutation: You are partially covered in molten
                  | scales. (AC +2) [demonic ancestry]
   318 | D:1      | Reached XP level 2. HP: 12/24 MP: 3/3
   545 | D:1      | Reached skill level 2 in Maces & Flails
   547 | D:1      | Reached ** piety under Lugonu
   596 | D:1      | Reached skill level 1 in Dodging
   698 | D:1      | Found a faded altar of an unknown god.
  1093 | D:2      | Reached XP level 3. HP: 29/29 MP: 5/5
  1560 | D:2      | Gained mutation: A weak demonic guardian rushes to your
                  | aid. [demonic ancestry]
  1560 | D:2      | Reached XP level 4. HP: 15/37 MP: 6/6
  1869 | D:2      | Reached skill level 3 in Maces & Flails
  2405 | D:3      | Gained mutation: A demonic guardian rushes to your aid.
                  | [demonic ancestry]
  2405 | D:3      | Reached XP level 5. HP: 15/42 MP: 7/7
  2423 | D:3      | HP: 2/42 [something/puff of flame (4)]
  3193 | D:4      | Found a staircase to the Ecumenical Temple.
  3228 | D:4      | Noticed a sky beast
  3236 | D:4      | Killed a sky beast
  3237 | D:4      | Reached XP level 6. HP: 34/48 MP: 8/8
  3426 | D:4      | Reached *** piety under Lugonu
  3519 | D:4      | Reached skill level 4 in Maces & Flails
  4022 | D:5      | Entered Level 5 of the Dungeon
  5099 | D:6      | Noticed an orc warrior
  5112 | D:6      | Reached XP level 7. HP: 44/54 MP: 10/10
  5479 | D:6      | Reached skill level 5 in Maces & Flails
  5776 | D:6      | Noticed Duvessa
  5780 | D:6      | Noticed Dowan
  5794 | D:6      | Killed Duvessa
  5795 | D:6      | Reached skill level 5 in Invocations
  5804 | D:6      | Killed Dowan
  5804 | D:6      | Reached **** piety under Lugonu
  5805 | D:6      | Reached skill level 5 in Armour
  5805 | D:6      | Gained mutation: You have a pair of small horns on your
                  | head. [demonic ancestry]
  5805 | D:6      | Reached XP level 8. HP: 31/61 MP: 11/11
  5975 | D:6      | Found a shimmering blue altar of Sif Muna.
  6271 | D:6      | Found a sacrificial altar of Ru.
  6632 | D:7      | Reached skill level 5 in Fighting
  6639 | D:7      | Reached skill level 6 in Maces & Flails
  7092 | D:8      | Noticed Prince Ribbit
  7115 | D:8      | Killed Prince Ribbit
  7290 | D:8      | Reached XP level 9. HP: 68/68 MP: 13/13
  7404 | D:8      | Reached skill level 7 in Maces & Flails
  7625 | D:8      | Identified the +3 scale mail "Cifanum" {rC+ Str+2 Dex+2}
  7797 | D:8      | Reached skill level 1 in Throwing
  7944 | D:8      | Found an iron altar of Okawaru.
  8841 | D:9      | Found a shimmering altar of Xom.
  9333 | D:10     | Entered Level 10 of the Dungeon
  9335 | D:10     | Noticed Psyche
  9337 | D:10     | Noticed Harold
  9356 | D:10     | Killed Harold
  9357 | D:10     | Reached skill level 8 in Maces & Flails
  9379 | D:10     | Killed Psyche
  9380 | D:10     | Reached XP level 10. HP: 45/76 MP: 4/16
  9665 | D:10     | Noticed Maurice
  9978 | D:11     | Killed Maurice
 10026 | D:10     | Found a staircase to the Lair.
 11053 | D:11     | Noticed a white ugly thing
 11064 | D:11     | Killed a white ugly thing
 11067 | D:11     | Reached skill level 9 in Maces & Flails
 11095 | D:11     | Found a staircase to the Orcish Mines.
 11099 | D:11     | Reached ***** piety under Lugonu
 11191 | Orc:1    | Entered Level 1 of the Orcish Mines
 11209 | Orc:1    | Noticed an orc knight
 11242 | Orc:1    | HP: 2/79 [orc knight/+0 glaive (14)]
 11245 | Orc:1    | Killed an orc knight
 11246 | Orc:1    | Gained mutation: You regenerate magic rapidly. [demonic
                  | ancestry]
 11246 | Orc:1    | Reached XP level 11. HP: 20/84 MP: 1/18
 11529 | Orc:1    | Noticed an orc knight
 11543 | Orc:1    | Noticed an orc sorcerer
 11690 | Orc:2    | Entered Level 2 of the Orcish Mines
 11739 | Orc:2    | Reached skill level 1 in Shields
 11972 | Orc:2    | Found a frozen archway.
 11987 | IceCv    | Entered an ice cave
 12060 | IceCv    | Identified the +0 plate armour "Nawih" {Regen+ Int-2 Dex+3
                  | Stlth+}
 12271 | IceCv    | Reached skill level 10 in Maces & Flails
 12306 | IceCv    | Noticed a death yak
 12332 | IceCv    | Killed a death yak
 12689 | IceCv    | Noticed an ironbound frostheart
 12689 | IceCv    | Noticed a death yak
 12689 | IceCv    | Noticed a death yak
 12689 | IceCv    | Noticed an ironbound frostheart
 12701 | IceCv    | Killed a death yak
 12709 | IceCv    | Noticed a death yak
 12714 | IceCv    | Killed a death yak
 12715 | IceCv    | Reached skill level 5 in Throwing
 12720 | IceCv    | Killed a death yak
 12721 | IceCv    | Reached skill level 11 in Maces & Flails
 12732 | IceCv    | Killed an ironbound frostheart
 12738 | IceCv    | Killed an ironbound frostheart
 12739 | IceCv    | Reached XP level 12. HP: 52/92 MP: 3/19
 12841 | IceCv    | Got Sif Muna's Catalogue of the Quantum Volcanoes
 13067 | Orc:2    | Noticed a two-headed ogre
 13069 | Orc:2    | Noticed a two-headed ogre
 13083 | Orc:2    | Killed a two-headed ogre
 13086 | Orc:2    | Noticed a two-headed ogre
 13088 | Orc:2    | Killed a two-headed ogre
 13089 | Orc:2    | Reached skill level 12 in Maces & Flails
 13103 | Orc:2    | Killed a two-headed ogre
 13136 | Orc:2    | Found Gogaetz's Assorted Antiques.
 13142 | Orc:2    | Noticed an ogre mage
 13165 | Orc:2    | Noticed a two-headed ogre
 13167 | Orc:2    | Killed an ogre mage
 13176 | Orc:2    | Killed a two-headed ogre
 13180 | Orc:2    | Noticed a two-headed ogre
 13181 | Orc:2    | Found a staircase to the Elven Halls.
 13185 | Orc:2    | Killed a two-headed ogre
 13211 | Orc:2    | Found Uwip's Antique Weapon Shop.
 13213 | Orc:2    | Noticed a two-headed ogre
 13224 | Orc:2    | Killed a two-headed ogre
 13225 | Orc:2    | Noticed a two-headed ogre
 13233 | Orc:2    | Killed a two-headed ogre
 13234 | Orc:2    | Reached skill level 13 in Maces & Flails
 13299 | Orc:2    | Found Erroklel's Jewellery Shoppe.
 13310 | Orc:2    | Noticed a two-headed ogre
 13325 | Orc:2    | Killed a two-headed ogre
 13330 | Orc:2    | Gained mutation: You are mostly covered in molten scales.
                  | (AC +3) [demonic ancestry]
 13330 | Orc:2    | Reached XP level 13. HP: 94/100 MP: 20/20
 13331 | Orc:2    | Found Hitupn's Distillery.
 13381 | Orc:2    | Bought the ring of Starshine {rPois rC+ AC+4 Stlth+} for
                  | 798 gold pieces
 13386 | Orc:2    | Reached ****** piety under Lugonu
 13519 | Orc:2    | Bought a potion of lignification for 54 gold pieces
 13519 | Orc:2    | Bought a potion of attraction for 54 gold pieces
 13519 | Orc:2    | Bought a potion of might for 72 gold pieces
 13566 | Elf:1    | Entered Level 1 of the Elven Halls
 13627 | Elf:1    | Reached skill level 5 in Shields
 14135 | Elf:1    | Reached skill level 10 in Armour
 14253 | Elf:1    | Reached skill level 14 in Maces & Flails
 14354 | Elf:1    | Noticed a deep elf death mage
 14394 | Elf:1    | Killed a deep elf death mage
 14506 | Elf:1    | Killed a ghostly deep elf death mage
 14769 | Elf:1    | Noticed a deep elf sorcerer
 14775 | Elf:1    | Noticed a deep elf annihilator
 14782 | Elf:1    | Killed a deep elf sorcerer
 14959 | Elf:1    | Killed from afar by a deep elf knight

Illustrated notes

Levels and vault maps discovered:
D:1:      amcnicky_arrival_abandoned_market, layout_rooms,
          shapermc_ecumenical_altar_gd, minivault_23
D:2:      layout_loops_ring
D:3:      layout_loops_ring, dk_noncrumbling_4
D:4:      layout_cave_pods, minmay_temple_entry_overgrown, minivault_23
D:5:      layout_rooms, mainiacjoe_overflow_24_doors
D:6:      layout_cave_pools, nicolae_ru_path_of_blood,
          nicolae_sif_muna_little_library, st_stairs_2, uniq_duvessa,
          uniq_crazy_yiuf_cottage
D:7:      layout_gridville
D:8:      minmay_inner_zag, layout_loops_ring, nicolae_tso_carved_into_rock,
          general_overflow_altar, kennysheep_minor_cross, uniq_prince_ribbit1
D:9:      layout_basic, mainiacjoe_overflow_paths, serial_curves,
          eino_curves_02, eino_curves_02, minmay_fountain_box, nrook_uturn
D:10:     layout_cave_pools, grunt_lair_entry_orc_guard_hut, uniq_harold,
          uniq_maurice, uniq_psyche
D:11:     layout_basic, zombieorc2_lemuel
Orc:1:    layout_diamond_mine
Orc:2:    st_orc_open, layout_diamond_mine, basic_altar,
          portal_ice_cave_entry_pillars_1, minmay_orc_temple_a
Elf:1:    eino_elf_arrival_customs, layout_loops_corners,
          hangedman_elf_represent, dreamdust_princess_bridge,
          serial_sigils_hangedman_carve, nicolae_elf_v_pinch

Skill      XL: |  1  2  3  4  5  6  7  8  9 10 11 12 13 |
---------------+----------------------------------------+-----
Maces & Flails | 2 3 4 5 6 8 9 11 13 14 | 14.3
Dodging        | 1 |  1.1
Armour         | 2 3 4 5 6 7 8 9 10 | 10.5
Invocations    | 3 4 5 6 8 9 |  9.5
Fighting       | 4 5 6 7 8 9 |  9.9
Throwing       | 2 3 5 6 7 |  7.0
Shields        | 3 4 5 |  5.8
Evocations     | |  0.4

Action                   |  1- 3 |  4- 6 |  7- 9 | 10-12 | 13-15 || total
-------------------------+-------+-------+-------+-------+-------++-------
Melee: Mace              |   109 |   216 |   111 |       |       ||   436
       Punch             |     1 |       |       |     1 |       ||     2
       Dire flail        |       |       |   194 |   741 |   373 ||  1308
       Headbutt          |       |       |    43 |   192 |    98 ||   333
       Flail             |       |       |    21 |    31 |       ||    52
Throw: Throwing net      |     1 |       |       |       |       ||     1
Invok: Depart the Abyss  |     1 |       |       |       |       ||     1
       Banish            |       |       |       |     6 |     6 ||    12
Evoke: Wand              |       |       |     3 |     1 |     1 ||     5
  Use: Potion            |     2 |     2 |     5 |    11 |     5 ||    25
       Scroll            |       |     4 |     8 |     9 |     2 ||    23
 Stab: Sleeping          |       |     1 |       |       |       ||     1
       Invisible         |       |       |     2 |       |       ||     2
       Distracted        |       |       |       |     4 |     1 ||     5
Armor: Leather armour    |    49 |    27 |       |       |       ||    76
       Scale mail        |       |   119 |   235 |   156 |       ||   510
       Ring mail         |       |     1 |       |       |       ||     1
       Skin              |       |       |     3 |       |       ||     3
       Plate armour      |       |       |       |   330 |   234 ||   564
Dodge: Dodged            |    74 |   143 |   188 |   329 |   120 ||   854

Table legend: (Time is in decaauts)
 A = Elapsed time spent in this place.
 B = Non-inter-level travel time spent in this place.
 C = Inter-level travel time spent in this place.
 D = Time resting spent in this place.
 E = Time spent auto-exploring this place.
 F = Levels seen in this place.
 G = Mean time per level.
                   A        B        C        D        E       F      G
               +--------+--------+--------+--------+--------+-----+--------+
         Total |  14743 |  14544 |    199 |   3665 |   7062 |  16 |  921.4 |
       Dungeon |  11191 |  11044 |    147 |   2419 |   6624 |  11 | 1017.4 |
  Orcish Mines |   1385 |   1385 |      0 |    723 |     22 |   2 |  692.5 |
   Elven Halls |   1264 |   1212 |     52 |    407 |    197 |   1 | 1264.0 |
         Abyss |     64 |     64 |      0 |      0 |     62 |   1 |   64.0 |
      Ice Cave |    838 |    838 |      0 |    116 |    157 |   1 |  838.0 |
               +--------+--------+--------+--------+--------+-----+--------+

Top non-repeatable levels by time:
     D:2: 1264 daAuts
   Elf:1: 1264 daAuts
     D:6: 1228 daAuts
     D:9: 1145 daAuts
     D:8: 1122 daAuts
     D:5: 1075 daAuts
    D:10: 1038 daAuts
     D:3: 957 daAuts
     D:4: 930 daAuts
   Orc:2: 894 daAuts
     D:1: 863 daAuts
   IceCv: 838 daAuts
    D:11: 794 daAuts
     D:7: 771 daAuts
   Orc:1: 491 daAuts
